Penguins vs Devils
Created - February 2, 2018 at 19:02
Goals
|
| Penguins |
3 |
0 |
0 |
3 |
| Devils |
0 |
0 |
2 |
2 |
|
Shots
|
| Penguins |
12 |
9 |
8 |
29 |
| Devils |
6 |
9 |
9 |
24 |
|
1st period
1. Penguins , Bobby Ryan 27 (Steven Stamkos 54, Brian Elliott) at 7:16
2. Penguins , Simon Gagné 10 (Dominic Moore 7, Brian McGrattan 7) at 12:24
3. Penguins , Max Pacioretty 13 (Bobby Ryan 43) at 16:03
Penalties :
Keith Aulie (Pit) for Delaying the game (Minor) at 2:41, Bobby Ryan (Pit) for Hooking (Minor) at 17:27
2nd period
No Goal
Penalties :
Bobby Ryan (Pit) for High sticking (Minor) at 7:48, Dominic Moore (Pit) for Tripping (Minor) at 11:32, Erik Christensen (NJD) for Roughing (Minor) at 19:33
3rd period
4. Devils , Matt Duchene 14 (Jordan Eberle 25, Ryan Whitney 13) at 4:11 (PP)
5. Devils , Martin St. Louis 8 (Jonathan Toews 16) at 15:00 (PP)
Penalties :
Sean Zimmerman (Pit) for Tripping (Minor) at 4:00, Sam Gagner (Pit) for Holding (Minor) at 10:23, Bobby Ryan (Pit) for Slashing (Minor) at 14:29, Dion Phaneuf (Pit) for Roughing (Minor) at 15:35
Goalie Stats
Brian Elliott (Pit), 22 saves from 24 shots - (0.917), W, 20-13-4, 60:00 minutes
Cam Ward (NJD), 26 saves from 29 shots - (0.897), L, 6-6-2, 58:59 minutes
Players Stats for Penguins
Player Name G A P +/- PIM S H SB GA TA FO MP PP MP PK MP
------------------------------------------------------------------------------------
Andrew Cogliano 0 0 0 0 0 0 1 0 0 1 4/9 19:05 0:45 6:54
Bobby Ryan 1 1 2 1 6 5 3 0 0 0 1/1 16:49 1:14 0:00
Brian McGrattan 0 1 1 2 0 2 1 0 1 1 0/0 11:23 0:05 0:00
D.J King 0 0 0 0 0 0 0 0 0 0 0/0 13:10 0:00 5:09
Dion Phaneuf 0 0 0 0 2 1 1 1 1 1 0/0 28:53 1:22 6:42
Dominic Moore 0 1 1 2 2 0 2 0 0 0 3/7 16:00 0:00 3:24
Duncan Keith 0 0 0 1 0 2 3 2 0 1 0/0 19:55 0:37 5:15
Eric Gryba 0 0 0 2 0 1 1 0 0 0 0/0 10:36 0:00 0:00
Keith Aulie 0 0 0 1 2 2 1 2 0 0 0/0 18:16 0:37 3:48
Max Pacioretty 1 0 1 1 0 4 1 1 1 0 0/1 17:24 1:14 0:22
Paul Ranger 0 0 0 2 0 2 1 0 0 0 0/0 12:16 0:00 1:39
Riley Sheahan 0 0 0 0 0 0 0 0 0 0 1/1 9:34 0:39 0:23
Ryan Callahan 0 0 0 0 0 0 0 0 0 0 0/0 7:52 0:00 0:00
Sam Gagner 0 0 0 0 2 3 3 0 0 0 14/21 16:58 1:20 1:55
Sean Zimmerman 0 0 0 0 2 1 2 2 0 2 0/0 30:07 1:22 7:48
Simon Gagné 1 0 1 2 0 2 1 0 0 0 0/0 17:22 0:00 7:05
Steve Downie 0 0 0 0 0 1 0 0 0 0 0/1 10:51 0:40 0:00
Steven Stamkos 0 1 1 1 0 3 1 0 0 0 9/18 10:45 0:00 0:00
Players Stats for Devils
Player Name G A P +/- PIM S H SB GA TA FO MP PP MP PK MP
------------------------------------------------------------------------------------
Anthony Stewart 0 0 0 -1 0 1 0 0 0 0 0/0 7:39 0:11 0:00
Brandon Bollig 0 0 0 -1 0 1 0 0 0 0 0/0 7:28 0:00 0:00
Erik Christensen 0 0 0 -1 2 1 0 0 0 0 3/6 10:55 0:00 0:00
J.T. Miller 0 0 0 -1 0 0 2 0 2 0 0/0 17:29 5:25 0:19
Jonathan Toews 0 1 1 -1 0 0 1 0 0 0 4/10 18:08 5:25 1:20
Jordan Eberle 0 1 1 0 0 3 2 1 2 1 1/1 22:58 7:00 0:20
Karl Alzner 0 0 0 -1 0 2 1 2 1 0 0/0 20:10 4:59 1:24
Kellan Lain 0 0 0 -1 0 2 2 0 0 0 0/1 10:45 0:11 0:00
Kurt Sauer 0 0 0 -2 0 0 0 1 0 0 0/0 12:17 0:00 0:35
Martin St. Louis 1 0 1 -1 0 5 0 0 0 0 0/0 18:08 5:25 1:20
Matt Duchene 1 0 1 0 0 4 2 1 0 0 18/37 22:49 7:11 0:00
Mike Komisarek 0 0 0 0 0 0 2 0 0 0 0/0 19:17 0:00 0:35
Peter Prucha 0 0 0 -1 0 1 1 0 1 0 0/0 10:34 0:00 0:00
Robyn Regehr 0 0 0 -1 0 0 0 2 0 0 0/0 17:44 4:59 0:00
Ryan Whitney 0 1 1 -1 0 1 1 0 0 2 0/0 23:54 7:37 1:24
Steve Ott 0 0 0 -1 0 1 0 0 0 0 0/2 8:29 0:00 0:39
Taylor Hall 0 0 0 0 0 2 2 0 0 0 1/2 22:38 7:00 0:00
Tyler Cuma 0 0 0 -1 0 0 3 2 0 0 0/0 26:38 7:37 0:00
3 Stars
1 - Simon Gagné (Pit)
2 - Max Pacioretty (Pit)
3 - Brian McGrattan (Pit)
Power Play
Penguins - 0 on 1 Attempt(s) - 0.00%
Devils - 2 on 8 Attempt(s) - 25.00%
Penalty Kill
Penguins - 6 on 8 Attempt(s) - 75.00%
- Score 0 goal in Penalty Kill
Devils - 1 on 1 Attempt(s) - 100.00%
- Score 0 goal in Penalty Kill
Team Stat
Penguins - Hits : 22 - Faceoff Wins : 32 - Blocked Shots : 8 - Penalty Minutes : 16
Devils - Hits : 19 - Faceoff Wins : 27 - Blocked Shots : 9 - Penalty Minutes : 2
Official
Referees : Sutherland Kelly and Fraser Kerry
Linesman : Steve Barton and Jay Sharrers
Game Notes
Steven Stamkos is injured at 18:30 of 2nd period (Upper Body)
Finance
Level 1 -- Attendance: 5900 (98.33%) -- Ticket Income $531,000
Level 2 -- Attendance: 4299 (85.98%) -- Ticket Income $245,043
Level 3 -- Attendance: 2000 (100.00%) -- Ticket Income $66,000
Level 4 -- Attendance: 3804 (95.10%) -- Ticket Income $95,100
Luxury Box -- Attendance: 968 (96.80%) -- Ticket Income $150,040
Game was played at the The prudential Center.
Total Attendance: 16971 (94.28%)
Total Ticket Income: $1,087,183
Other Income: $163,077
Total Income: $1,250,260
Penguins
5 vs 5 Forward
Center Left Wing Right Wing Time % Phy DF OF
1 Steven Stamkos Max Pacioretty Bobby Ryan 40 0 2 3
2 Sam Gagner Andrew Cogliano Steve Downie 30 0 2 3
3 Dominic Moore Simon Gagné Brian McGrattan 20 0 2 3
4 Riley Sheahan D.J King Ryan Callahan 10 0 2 3
5 vs 5 Defense
Defense Defense Time % Phy DF OF
1 Sean Zimmerman Dion Phaneuf 44 0 3 2
2 Duncan Keith Keith Aulie 33 0 3 2
3 Paul Ranger Eric Gryba 23 0 3 2
4 Dion Phaneuf Sean Zimmerman 0 0 3 2
PowerPlay Forward
Center Left Wing Right Wing Time % Phy DF OF
1 Steven Stamkos Max Pacioretty Bobby Ryan 60 0 1 4
2 Sam Gagner Andrew Cogliano Steve Downie 40 0 1 4
PowerPlay Defense
Defense Defense Time % Phy DF OF
1 Sean Zimmerman Dion Phaneuf 60 0 2 3
2 Duncan Keith Keith Aulie 40 0 2 3
Penalty Kill 4 Players Forward
Center Wing Time % Phy DF OF
1 Andrew Cogliano Simon Gagné 60 0 4 1
2 Dominic Moore D.J King 40 0 4 1
Penalty Kill 4 Players Defense
Defense Defense Time % Phy DF OF
1 Sean Zimmerman Dion Phaneuf 60 0 4 1
2 Duncan Keith Keith Aulie 40 0 4 1
Penalty Kill - 3 Players Forward
Forward Time % Phy DF OF
1 Andrew Cogliano 60 0 4 1
2 Dominic Moore 40 0 4 1
Penalty Kill - 3 Players Defense
Defense Defense Time % Phy DF OF
1 Sean Zimmerman Dion Phaneuf 60 0 4 1
2 Duncan Keith Keith Aulie 40 0 4 1
4 vs 4 Forward
Center Wing Time % Phy DF OF
1 Steven Stamkos Bobby Ryan 60 0 2 3
2 Sam Gagner Andrew Cogliano 40 0 2 3
4 vs 4 Defense
Defense Defense Time % Phy DF OF
1 Sean Zimmerman Dion Phaneuf 60 0 3 2
2 Duncan Keith Keith Aulie 40 0 3 2
Last Minutes Offensive
Center Left Wing Right Wing Defense Defense
Steven Stamkos Max Pacioretty Bobby Ryan Sean Zimmerman Dion Phaneuf
Last Minutes Defensive
Center Left Wing Right Wing Defense Defense
Dominic Moore Andrew Cogliano Brian McGrattan Sean Zimmerman Dion Phaneuf
Goaltenders
Starting : Brian Elliott
Backup : Josh Tordjman
Extra Forwards
Normal : Steven Stamkos, Sam Gagner, Dominic Moore - PP : Steven Stamkos, Sam Gagner - PK : Dominic Moore
Extra Defensemen
Normal : Sean Zimmerman, Duncan Keith, Eric Gryba - PP : Paul Ranger - PK : Dion Phaneuf, Duncan Keith
Penalty Shots
Steven Stamkos, Max Pacioretty, Bobby Ryan, Steve Downie, Ryan Callahan
Scratches
None
Devils
5 vs 5 Forward
Center Left Wing Right Wing Time % Phy DF OF
1 Matt Duchene Taylor Hall Jordan Eberle 40 0 2 3
2 Jonathan Toews J.T. Miller Martin St. Louis 30 0 2 3
3 Erik Christensen Kellan Lain Peter Prucha 20 0 2 3
4 Steve Ott Brandon Bollig Anthony Stewart 10 0 2 3
5 vs 5 Defense
Defense Defense Time % Phy DF OF
1 Mike Komisarek Tyler Cuma 40 0 2 3
2 Kurt Sauer Ryan Whitney 30 0 2 3
3 Karl Alzner Robyn Regehr 20 0 2 3
4 Ryan Whitney Karl Alzner 10 0 2 3
PowerPlay Forward
Center Left Wing Right Wing Time % Phy DF OF
1 Matt Duchene Taylor Hall Jordan Eberle 60 0 2 3
2 Jonathan Toews J.T. Miller Martin St. Louis 40 0 2 3
PowerPlay Defense
Defense Defense Time % Phy DF OF
1 Tyler Cuma Ryan Whitney 60 1 2 2
2 Karl Alzner Robyn Regehr 40 1 2 2
Penalty Kill 4 Players Forward
Center Wing Time % Phy DF OF
1 Jonathan Toews Martin St. Louis 60 0 4 1
2 Steve Ott Jordan Eberle 40 0 4 1
Penalty Kill 4 Players Defense
Defense Defense Time % Phy DF OF
1 Kurt Sauer Mike Komisarek 60 0 4 1
2 Karl Alzner Ryan Whitney 40 0 4 1
Penalty Kill - 3 Players Forward
Forward Time % Phy DF OF
1 Jonathan Toews 60 1 2 2
2 Jordan Eberle 40 1 2 2
Penalty Kill - 3 Players Defense
Defense Defense Time % Phy DF OF
1 Kurt Sauer Mike Komisarek 60 1 2 2
2 Ryan Whitney Karl Alzner 40 1 2 2
4 vs 4 Forward
Center Wing Time % Phy DF OF
1 Matt Duchene Taylor Hall 60 0 2 3
2 Jonathan Toews Jordan Eberle 40 0 2 3
4 vs 4 Defense
Defense Defense Time % Phy DF OF
1 Karl Alzner Mike Komisarek 60 0 2 3
2 Ryan Whitney Tyler Cuma 40 0 2 3
Last Minutes Offensive
Center Left Wing Right Wing Defense Defense
Matt Duchene Taylor Hall Jordan Eberle Ryan Whitney Tyler Cuma
Last Minutes Defensive
Center Left Wing Right Wing Defense Defense
Jonathan Toews J.T. Miller Jordan Eberle Kurt Sauer Mike Komisarek
Goaltenders
Starting : Cam Ward
Backup : James Reimer
Extra Forwards
Normal : J.T. Miller, Taylor Hall, Erik Christensen - PP : Martin St. Louis, Taylor Hall - PK : Steve Ott
Extra Defensemen
Normal : Robyn Regehr, Kurt Sauer, Karl Alzner - PP : Tyler Cuma - PK : Kurt Sauer, Tyler Cuma
Penalty Shots
Jordan Eberle, Taylor Hall, Peter Prucha, Matt Duchene, Martin St. Louis
Scratches
Dan Boyle (Healthy), Darroll Powe (Healthy), Kyle Cumiskey (Healthy)
% Time on Ice - Penguins
Lines # - Real PCT - Wanted PCT - Time Play
Normal Forward
1 - 36% - 40% - 15:56
2 - 23% - 30% - 10:20
3 - 23% - 20% - 10:10
4 - 18% - 10% - 7:52
Normal Defense
1 - 44% - 44% - 19:37
2 - 32% - 33% - 14:05
3 - 24% - 23% - 10:36
4 - 0% - 0% - 0:00
PP Forward
1 - 66% - 60% - 1:19
2 - 34% - 40% - 0:40
PP Defense
1 - 69% - 60% - 1:22
2 - 31% - 40% - 0:37
PK Forward
1 - 68% - 60% - 8:34
2 - 32% - 40% - 4:02
PK Defense
1 - 67% - 60% - 8:25
2 - 33% - 40% - 4:11
PK3 Forward
1 - 0% - 60%
2 - 0% - 40%
PK3 Defense
1 - 0% - 60%
2 - 0% - 40%
44 Forward
1 - 0% - 60%
2 - 0% - 40%
44 Defense
1 - 0% - 60%
2 - 0% - 40%
Last Minute Offensive - 0:00
Last Minute Defensive - 1:07
Total
Forward - 60:00
Defense - 60:00
|
% Time on Ice - Devils
Lines # - Real PCT - Wanted PCT - Time Play
Normal Forward
1 - 34% - 40% - 14:54
2 - 26% - 30% - 11:23
3 - 24% - 20% - 10:34
4 - 17% - 10% - 7:28
Normal Defense
1 - 44% - 40% - 19:27
2 - 30% - 30% - 13:23
3 - 22% - 20% - 9:40
4 - 4% - 10% - 1:49
PP Forward
1 - 57% - 60% - 7:11
2 - 43% - 40% - 5:25
PP Defense
1 - 60% - 60% - 7:37
2 - 40% - 40% - 4:59
PK Forward
1 - 83% - 60% - 1:39
2 - 17% - 40% - 0:20
PK Defense
1 - 29% - 60% - 0:35
2 - 71% - 40% - 1:24
PK3 Forward
1 - 0% - 60%
2 - 0% - 40%
PK3 Defense
1 - 0% - 60%
2 - 0% - 40%
44 Forward
1 - 0% - 60%
2 - 0% - 40%
44 Defense
1 - 0% - 60%
2 - 0% - 40%
Last Minute Offensive - 1:06
Last Minute Defensive - 0:00
Total
Forward - 60:00
Defense - 60:00
|
Play by Play
1st period
0:01 of 1st period - Steven Stamkos wins face-off versus Matt Duchene in neutral zone.
0:37 of 1st period - Snap shot by Martin St. Louis.
0:37 of 1st period - Shot Misses the Net.
1:17 of 1st period - Wrist shot by Anthony Stewart.
1:17 of 1st period - Shot Misses the Net.
1:43 of 1st period - Wrist shot by Jordan Eberle.
1:43 of 1st period - Stopped by Brian Elliott with a rebound.
1:56 of 1st period - Icing by Paul Ranger.
1:57 of 1st period - Jonathan Toews wins face-off versus Sam Gagner in Penguins zone.
2:16 of 1st period - Martin St. Louis is hit by Andrew Cogliano and loses puck.
2:29 of 1st period - Snap shot by Andrew Cogliano.
2:29 of 1st period - Shot Blocked by Tyler Cuma.
2:31 of 1st period - Slapshot by Paul Ranger.
2:31 of 1st period - Stopped by Cam Ward without a rebound.
2:32 of 1st period - Jordan Eberle wins face-off versus Steven Stamkos in Devils zone.
2:32 of 1st period - Jordan Eberle is hit by Bobby Ryan.
2:41 of 1st period - Minor Penalty to Keith Aulie for Delaying the game.
2:42 of 1st period - Andrew Cogliano wins face-off versus Taylor Hall in Penguins zone.
3:09 of 1st period - J.T. Miller is hit by Dominic Moore and loses puck.
4:41 of 1st period - Penalty to Keith Aulie is over, Keith Aulie is back on ice.
4:49 of 1st period - Snap shot by Steven Stamkos.
4:49 of 1st period - Stopped by Cam Ward with a rebound.
5:06 of 1st period - Karl Alzner is hit by Sam Gagner and loses puck.
5:19 of 1st period - Robyn Regehr is hit by Dominic Moore and loses puck.
5:32 of 1st period - Snap shot by Anthony Stewart.
5:32 of 1st period - Stopped by Brian Elliott with a rebound.
5:44 of 1st period - Tyler Cuma is hit by Keith Aulie and loses puck.
6:22 of 1st period - Bobby Ryan is hit by Peter Prucha and loses puck.
6:49 of 1st period - Andrew Cogliano is hit by Matt Duchene and loses puck.
7:16 of 1st period - Snap shot by Bobby Ryan.
7:16 of 1st period - Deflect By Tyler Cuma.
7:16 of 1st period - Goal by Bobby Ryan - Penguins : 1 - Devils : 0.
7:17 of 1st period - Matt Duchene wins face-off versus Steven Stamkos in neutral zone.
7:30 of 1st period - Snap shot by Taylor Hall.
7:30 of 1st period - Shot Misses the Net.
7:32 of 1st period - Wrist shot by Matt Duchene.
7:32 of 1st period - Stopped by Brian Elliott with a rebound.
7:34 of 1st period - Slapshot by Karl Alzner.
7:34 of 1st period - Stopped by Brian Elliott without a rebound.
7:35 of 1st period - Jonathan Toews wins face-off versus Dominic Moore in Penguins zone.
10:52 of 1st period - Wrist shot by Tyler Cuma.
10:52 of 1st period - Shot Blocked by Duncan Keith.
11:24 of 1st period - Slapshot by Paul Ranger.
11:24 of 1st period - Stopped by Cam Ward with a rebound.
11:42 of 1st period - Wrist shot by Brian McGrattan.
11:42 of 1st period - Stopped by Cam Ward with a rebound.
11:44 of 1st period - Snap shot by Simon Gagné.
11:44 of 1st period - Deflect By Dominic Moore.
11:44 of 1st period - Shot Misses the Net.
11:44 of 1st period - Puck is out of play.
11:45 of 1st period - Dominic Moore wins face-off versus Jonathan Toews in Devils zone.
12:24 of 1st period - Snap shot by Simon Gagné.
12:24 of 1st period - Goal by Simon Gagné - Penguins : 2 - Devils : 0.
12:25 of 1st period - Bobby Ryan wins face-off versus Matt Duchene in neutral zone.
13:35 of 1st period - Snap shot by Anthony Stewart.
13:35 of 1st period - Shot Misses the Net.
13:43 of 1st period - Brandon Bollig is hit by Steven Stamkos and loses puck.
13:54 of 1st period - Sean Zimmerman is hit by Mike Komisarek and loses puck.
14:03 of 1st period - Snap shot by Brian McGrattan.
14:03 of 1st period - Stopped by Cam Ward without a rebound.
14:04 of 1st period - Matt Duchene wins face-off versus Steven Stamkos in Devils zone.
14:55 of 1st period - Slapshot by Duncan Keith.
14:55 of 1st period - Stopped by Cam Ward with a rebound.
15:01 of 1st period - Wrist shot by Brian McGrattan.
15:01 of 1st period - Shot Misses the Net.
15:21 of 1st period - Tyler Cuma is hit by Sean Zimmerman and loses puck.
15:44 of 1st period - Wrist shot by Steven Stamkos.
15:44 of 1st period - Stopped by Cam Ward without a rebound.
15:45 of 1st period - Steven Stamkos wins face-off versus Steve Ott in Devils zone.
16:03 of 1st period - Snap shot by Max Pacioretty.
16:03 of 1st period - Goal by Max Pacioretty - Penguins : 3 - Devils : 0.
16:04 of 1st period - Matt Duchene wins face-off versus Steven Stamkos in neutral zone.
16:14 of 1st period - Slapshot by Dion Phaneuf.
16:14 of 1st period - Shot Blocked by Jordan Eberle.
16:45 of 1st period - Ryan Whitney is hit by Paul Ranger and loses puck.
17:24 of 1st period - Slapshot by Karl Alzner.
17:24 of 1st period - Stopped by Brian Elliott without a rebound.
17:25 of 1st period - Steven Stamkos wins face-off versus Matt Duchene in Penguins zone.
17:27 of 1st period - Minor Penalty to Bobby Ryan for Hooking.
17:28 of 1st period - Matt Duchene wins face-off versus Andrew Cogliano in Penguins zone.
18:10 of 1st period - Dominic Moore is hit by Taylor Hall and loses puck.
18:48 of 1st period - Backhand shot by Keith Aulie.
18:48 of 1st period - Deflect By Sam Gagner.
18:48 of 1st period - Shot Blocked by Tyler Cuma.
18:48 of 1st period - Puck is out of play.
18:49 of 1st period - Matt Duchene wins face-off versus Sam Gagner in Devils zone.
18:54 of 1st period - D.J King is hit by Tyler Cuma and loses puck.
19:27 of 1st period - Penalty to Bobby Ryan is over, Bobby Ryan is back on ice.
19:33 of 1st period - Slapshot by Sean Zimmerman.
19:33 of 1st period - Deflect By Karl Alzner.
19:33 of 1st period - Stopped by Cam Ward without a rebound.
19:34 of 1st period - Erik Christensen wins face-off versus Steven Stamkos in Devils zone.
19:45 of 1st period - Slapshot by Erik Christensen.
19:45 of 1st period - Stopped by Brian Elliott without a rebound.
19:46 of 1st period - Steven Stamkos wins face-off versus Matt Duchene in Penguins zone.
19:57 of 1st period - Snap shot by Steven Stamkos.
19:57 of 1st period - Stopped by Cam Ward without a rebound.
19:58 of 1st period - Matt Duchene wins face-off versus Sam Gagner in Devils zone.
Goals for this period are 3 for Penguins vs 0 for Devils.
Shots for this period are 12 for Penguins vs 6 for Devils.
2nd period
0:01 of 2nd period - Matt Duchene wins face-off versus Steven Stamkos in neutral zone.
0:10 of 2nd period - Wrist shot by Matt Duchene.
0:10 of 2nd period - Shot Misses the Net.
0:12 of 2nd period - Snap shot by Taylor Hall.
0:12 of 2nd period - Shot Misses the Net.
0:14 of 2nd period - Wrist shot by Jordan Eberle.
0:14 of 2nd period - Deflect By Taylor Hall.
0:14 of 2nd period - Shot Misses the Net.
0:14 of 2nd period - Puck is out of play.
0:15 of 2nd period - Sam Gagner wins face-off versus Matt Duchene in Penguins zone.
0:21 of 2nd period - Off-side.
0:22 of 2nd period - Matt Duchene wins face-off versus Sam Gagner in neutral zone.
0:27 of 2nd period - Slapshot by Matt Duchene.
0:27 of 2nd period - Stopped by Brian Elliott with a rebound.
0:31 of 2nd period - Backhand shot by Matt Duchene.
0:31 of 2nd period - Stopped by Brian Elliott without a rebound.
0:32 of 2nd period - Matt Duchene wins face-off versus Max Pacioretty in Penguins zone.
0:41 of 2nd period - Wrist shot by Jordan Eberle.
0:41 of 2nd period - Stopped by Brian Elliott without a rebound.
0:42 of 2nd period - Steven Stamkos wins face-off versus Matt Duchene in Penguins zone.
0:47 of 2nd period - Slapshot by Dion Phaneuf.
0:47 of 2nd period - Stopped by Cam Ward with a rebound.
0:49 of 2nd period - Wrist shot by Bobby Ryan.
0:49 of 2nd period - Stopped by Cam Ward without a rebound.
0:50 of 2nd period - Sam Gagner wins face-off versus Matt Duchene in Devils zone.
2:54 of 2nd period - Martin St. Louis is hit by Max Pacioretty and loses puck.
3:05 of 2nd period - Jordan Eberle is hit by Simon Gagné and loses puck.
3:32 of 2nd period - Snap shot by Steve Downie.
3:32 of 2nd period - Shot Blocked by Karl Alzner.
3:34 of 2nd period - Snap shot by Sam Gagner.
3:34 of 2nd period - Stopped by Cam Ward without a rebound.
3:35 of 2nd period - Matt Duchene wins face-off versus Steven Stamkos in Devils zone.
4:12 of 2nd period - Mike Komisarek is hit by Dion Phaneuf and loses puck.
4:23 of 2nd period - Duncan Keith is hit by Tyler Cuma and loses puck.
4:53 of 2nd period - Snap shot by Brandon Bollig.
4:53 of 2nd period - Stopped by Brian Elliott with a rebound.
6:18 of 2nd period - Slapshot by Kurt Sauer.
6:18 of 2nd period - Deflect By Steve Ott.
6:18 of 2nd period - Shot Misses the Net.
6:18 of 2nd period - Puck is out of play.
6:19 of 2nd period - Matt Duchene wins face-off versus Steven Stamkos in Penguins zone.
6:26 of 2nd period - Matt Duchene is hit by Duncan Keith and loses puck.
6:35 of 2nd period - Wrist shot by Max Pacioretty.
6:35 of 2nd period - Shot Blocked by Kurt Sauer.
6:59 of 2nd period - Duncan Keith is hit by Jonathan Toews and loses puck.
7:48 of 2nd period - Minor Penalty to Bobby Ryan for High sticking.
7:49 of 2nd period - Matt Duchene wins face-off versus Andrew Cogliano in Penguins zone.
7:56 of 2nd period - Wrist shot by Jordan Eberle.
7:56 of 2nd period - Shot Blocked by Sean Zimmerman.
8:20 of 2nd period - Slapshot by Martin St. Louis.
8:20 of 2nd period - Shot Misses the Net.
8:22 of 2nd period - Snap shot by Martin St. Louis.
8:22 of 2nd period - Stopped by Brian Elliott with a rebound.
8:24 of 2nd period - Snap shot by J.T. Miller.
8:24 of 2nd period - Shot Misses the Net.
8:26 of 2nd period - Snap shot by Jonathan Toews.
8:26 of 2nd period - Shot Misses the Net.
9:48 of 2nd period - Penalty to Bobby Ryan is over, Bobby Ryan is back on ice.
10:20 of 2nd period - Snap shot by Steve Ott.
10:20 of 2nd period - Stopped by Brian Elliott without a rebound.
10:21 of 2nd period - Sam Gagner wins face-off versus Erik Christensen in Penguins zone.
10:53 of 2nd period - Steve Downie is hit by Tyler Cuma and loses puck.
11:32 of 2nd period - Minor Penalty to Dominic Moore for Tripping.
11:33 of 2nd period - Matt Duchene wins face-off versus Andrew Cogliano in Penguins zone.
13:32 of 2nd period - Penalty to Dominic Moore is over, Dominic Moore is back on ice.
13:41 of 2nd period - Eric Gryba is hit by Kellan Lain and loses puck.
13:45 of 2nd period - Icing by Eric Gryba.
13:46 of 2nd period - Steven Stamkos wins face-off versus Erik Christensen in Penguins zone.
14:13 of 2nd period - Slapshot by Duncan Keith.
14:13 of 2nd period - Stopped by Cam Ward without a rebound.
14:14 of 2nd period - Jonathan Toews wins face-off versus Dominic Moore in Devils zone.
14:23 of 2nd period - Slapshot by Tyler Cuma.
14:23 of 2nd period - Shot Blocked by Keith Aulie.
14:39 of 2nd period - Martin St. Louis is hit by Brian McGrattan and loses puck.
14:52 of 2nd period - Wrist shot by Brian McGrattan.
14:52 of 2nd period - Shot Misses the Net.
14:54 of 2nd period - Slapshot by Keith Aulie.
14:54 of 2nd period - Stopped by Cam Ward with a rebound.
14:56 of 2nd period - Snap shot by Simon Gagné.
14:56 of 2nd period - Stopped by Cam Ward without a rebound.
14:57 of 2nd period - Steven Stamkos wins face-off versus Matt Duchene in Devils zone.
14:58 of 2nd period - Snap shot by Max Pacioretty.
14:58 of 2nd period - Stopped by Cam Ward without a rebound.
14:59 of 2nd period - Matt Duchene wins face-off versus Steven Stamkos in Devils zone.
16:27 of 2nd period - Snap shot by Bobby Ryan.
16:27 of 2nd period - Stopped by Cam Ward without a rebound.
16:28 of 2nd period - Steven Stamkos wins face-off versus Matt Duchene in Devils zone.
16:35 of 2nd period - Slapshot by Max Pacioretty.
16:35 of 2nd period - Stopped by Cam Ward with a rebound.
16:43 of 2nd period - Snap shot by Steven Stamkos.
16:43 of 2nd period - Shot Misses the Net.
17:01 of 2nd period - Snap shot by Kellan Lain.
17:01 of 2nd period - Stopped by Brian Elliott without a rebound.
17:02 of 2nd period - Erik Christensen wins face-off versus Steve Downie in Penguins zone.
17:27 of 2nd period - Jordan Eberle is hit by Sean Zimmerman and loses puck.
17:34 of 2nd period - Slapshot by Taylor Hall.
17:34 of 2nd period - Stopped by Brian Elliott with a rebound.
17:58 of 2nd period - Snap shot by Martin St. Louis.
17:58 of 2nd period - Stopped by Brian Elliott with a rebound.
18:28 of 2nd period - Snap shot by Matt Duchene.
18:28 of 2nd period - Deflect By Taylor Hall.
18:28 of 2nd period - Shot Misses the Net.
18:28 of 2nd period - Puck is out of play.
18:29 of 2nd period - Steven Stamkos wins face-off versus Matt Duchene in Penguins zone.
18:29 of 2nd period - Steven Stamkos is hit by Ryan Whitney.
18:30 of 2nd period - Steven Stamkos from Penguins is injured at 18:30 of 2nd period (Upper Body).
18:31 of 2nd period - Sam Gagner wins face-off versus Matt Duchene in Penguins zone.
19:33 of 2nd period - Minor Penalty to Erik Christensen for Roughing.
19:34 of 2nd period - Sam Gagner wins face-off versus Jonathan Toews in Devils zone.
Goals for this period are 0 for Penguins vs 0 for Devils.
Shots for this period are 9 for Penguins vs 9 for Devils.
3rd period
0:01 of 3rd period - Sam Gagner wins face-off versus Jonathan Toews in neutral zone.
0:04 of 3rd period - Mike Komisarek is hit by Sam Gagner and loses puck.
0:09 of 3rd period - Snap shot by Sam Gagner.
0:09 of 3rd period - Stopped by Cam Ward with a rebound.
0:41 of 3rd period - Ryan Whitney is hit by Duncan Keith and loses puck.
1:33 of 3rd period - Penalty to Erik Christensen is over, Erik Christensen is back on ice.
1:40 of 3rd period - Snap shot by Dominic Moore.
1:40 of 3rd period - Shot Misses the Net.
1:42 of 3rd period - Snap shot by Dominic Moore.
1:42 of 3rd period - Shot Misses the Net.
1:44 of 3rd period - Wrist shot by Eric Gryba.
1:44 of 3rd period - Stopped by Cam Ward with a rebound.
2:00 of 3rd period - Eric Gryba is hit by Matt Duchene and loses puck.
2:09 of 3rd period - Snap shot by Taylor Hall.
2:09 of 3rd period - Shot Misses the Net.
2:11 of 3rd period - Snap shot by Taylor Hall.
2:11 of 3rd period - Stopped by Brian Elliott without a rebound.
2:12 of 3rd period - Sam Gagner wins face-off versus Kellan Lain in Penguins zone.
2:12 of 3rd period - Sam Gagner is hit by Mike Komisarek.
2:56 of 3rd period - Riley Sheahan is hit by J.T. Miller and loses puck.
3:15 of 3rd period - Steve Ott is hit by Sam Gagner and loses puck.
3:21 of 3rd period - Icing by Brandon Bollig.
3:22 of 3rd period - Sam Gagner wins face-off versus Steve Ott in Devils zone.
3:27 of 3rd period - Snap shot by Sam Gagner.
3:27 of 3rd period - Stopped by Cam Ward without a rebound.
3:28 of 3rd period - Sam Gagner wins face-off versus Matt Duchene in Devils zone.
3:39 of 3rd period - Wrist shot by Max Pacioretty.
3:39 of 3rd period - Stopped by Cam Ward without a rebound.
3:40 of 3rd period - Matt Duchene wins face-off versus Sam Gagner in Devils zone.
3:45 of 3rd period - Slapshot by Tyler Cuma.
3:45 of 3rd period - Shot Blocked by Max Pacioretty.
3:57 of 3rd period - Wrist shot by Taylor Hall.
3:57 of 3rd period - Deflect By Jordan Eberle.
3:57 of 3rd period - Stopped by Brian Elliott without a rebound.
3:58 of 3rd period - Sam Gagner wins face-off versus Jonathan Toews in Penguins zone.
4:00 of 3rd period - Minor Penalty to Sean Zimmerman for Tripping.
4:01 of 3rd period - Andrew Cogliano wins face-off versus Matt Duchene in Penguins zone.
4:11 of 3rd period - Slapshot by Matt Duchene.
4:11 of 3rd period - Goal by Matt Duchene - Penguins : 3 - Devils : 1.
4:12 of 3rd period - Sam Gagner wins face-off versus Matt Duchene in neutral zone.
5:11 of 3rd period - Snap shot by Jonathan Toews.
5:11 of 3rd period - Shot Blocked by Duncan Keith.
5:27 of 3rd period - Wrist shot by Bobby Ryan.
5:27 of 3rd period - Stopped by Cam Ward with a rebound.
6:03 of 3rd period - Slapshot by Dion Phaneuf.
6:03 of 3rd period - Shot Misses the Net.
7:01 of 3rd period - Riley Sheahan is hit by Karl Alzner and loses puck.
7:36 of 3rd period - Mike Komisarek is hit by Eric Gryba and loses puck.
8:20 of 3rd period - Dominic Moore is hit by J.T. Miller and loses puck.
8:39 of 3rd period - Sean Zimmerman is hit by Kellan Lain and loses puck.
8:46 of 3rd period - Slapshot by Peter Prucha.
8:46 of 3rd period - Stopped by Brian Elliott with a rebound.
9:01 of 3rd period - Sean Zimmerman is hit by Taylor Hall and loses puck.
9:14 of 3rd period - Brandon Bollig is hit by Bobby Ryan.
10:23 of 3rd period - Minor Penalty to Sam Gagner for Holding.
10:24 of 3rd period - Matt Duchene wins face-off versus Andrew Cogliano in Penguins zone.
10:25 of 3rd period - Snap shot by Taylor Hall.
10:25 of 3rd period - Shot Misses the Net.
10:27 of 3rd period - Snap shot by Jordan Eberle.
10:27 of 3rd period - Shot Blocked by Keith Aulie.
10:29 of 3rd period - Slapshot by Ryan Whitney.
10:29 of 3rd period - Stopped by Brian Elliott without a rebound.
10:30 of 3rd period - Matt Duchene wins face-off versus Andrew Cogliano in Penguins zone.
10:35 of 3rd period - Wrist shot by Matt Duchene.
10:35 of 3rd period - Shot Misses the Net.
10:47 of 3rd period - Slapshot by Jordan Eberle.
10:47 of 3rd period - Shot Misses the Net.
11:33 of 3rd period - Slapshot by Dominic Moore.
11:33 of 3rd period - Shot Misses the Net.
12:23 of 3rd period - Penalty to Sam Gagner is over, Sam Gagner is back on ice.
12:32 of 3rd period - Slapshot by Max Pacioretty.
12:32 of 3rd period - Shot Blocked by Robyn Regehr.
12:34 of 3rd period - Wrist shot by Sam Gagner.
12:34 of 3rd period - Shot Misses the Net.
12:36 of 3rd period - Slapshot by Keith Aulie.
12:36 of 3rd period - Shot Blocked by Karl Alzner.
12:38 of 3rd period - Wrist shot by Keith Aulie.
12:38 of 3rd period - Deflect By Matt Duchene.
12:38 of 3rd period - Stopped by Cam Ward without a rebound.
12:39 of 3rd period - Sam Gagner wins face-off versus Erik Christensen in Devils zone.
12:40 of 3rd period - Slapshot by Bobby Ryan.
12:40 of 3rd period - Stopped by Cam Ward without a rebound.
12:41 of 3rd period - Erik Christensen wins face-off versus Sam Gagner in Devils zone.
12:56 of 3rd period - Snap shot by Kellan Lain.
12:56 of 3rd period - Stopped by Brian Elliott without a rebound.
12:57 of 3rd period - Sam Gagner wins face-off versus Jonathan Toews in Penguins zone.
13:37 of 3rd period - Snap shot by Sam Gagner.
13:37 of 3rd period - Shot Misses the Net.
13:41 of 3rd period - Slapshot by Steve Downie.
13:41 of 3rd period - Stopped by Cam Ward without a rebound.
13:42 of 3rd period - Dominic Moore wins face-off versus Matt Duchene in Devils zone.
13:59 of 3rd period - Mike Komisarek is hit by Bobby Ryan and loses puck.
14:09 of 3rd period - Icing by Taylor Hall.
14:10 of 3rd period - Riley Sheahan wins face-off versus Jonathan Toews in Devils zone.
14:25 of 3rd period - Snap shot by Martin St. Louis.
14:25 of 3rd period - Stopped by Brian Elliott without a rebound.
14:26 of 3rd period - Sam Gagner wins face-off versus Matt Duchene in Penguins zone.
14:26 of 3rd period - Sam Gagner is hit by Jordan Eberle.
14:29 of 3rd period - Minor Penalty to Bobby Ryan for Slashing.
14:30 of 3rd period - Andrew Cogliano wins face-off versus Matt Duchene in Penguins zone.
15:00 of 3rd period - Slapshot by Martin St. Louis.
15:00 of 3rd period - Goal by Martin St. Louis - Penguins : 3 - Devils : 2.
15:01 of 3rd period - Matt Duchene wins face-off versus Dominic Moore in neutral zone.
15:12 of 3rd period - Snap shot by Matt Duchene.
15:12 of 3rd period - Deflect By Jordan Eberle.
15:12 of 3rd period - Shot Misses the Net.
15:12 of 3rd period - Puck is out of play.
15:13 of 3rd period - Dominic Moore wins face-off versus Matt Duchene in Penguins zone.
15:13 of 3rd period - Dominic Moore is hit by Jordan Eberle.
15:35 of 3rd period - Minor Penalty to Dion Phaneuf for Roughing.
15:36 of 3rd period - Andrew Cogliano wins face-off versus Matt Duchene in Penguins zone.
15:51 of 3rd period - Tyler Cuma is hit by Duncan Keith and loses puck.
16:47 of 3rd period - Icing by Taylor Hall.
16:48 of 3rd period - Taylor Hall wins face-off versus Dominic Moore in Devils zone.
17:35 of 3rd period - Penalty to Dion Phaneuf is over, Dion Phaneuf is back on ice.
17:54 of 3rd period - Slapshot by Eric Gryba.
17:54 of 3rd period - Deflect By Max Pacioretty.
17:54 of 3rd period - Shot Blocked by Robyn Regehr.
17:54 of 3rd period - Puck is out of play.
17:55 of 3rd period - Jonathan Toews wins face-off versus Sam Gagner in Devils zone.
18:08 of 3rd period - Wrist shot by Martin St. Louis.
18:08 of 3rd period - Stopped by Brian Elliott with a rebound.
18:59 of 3rd period - Devils, Cam Ward is pulled from the net.
19:03 of 3rd period - Slapshot by Taylor Hall.
19:03 of 3rd period - Shot Misses the Net.
19:05 of 3rd period - Snap shot by Ryan Whitney.
19:05 of 3rd period - Shot Misses the Net.
19:07 of 3rd period - Snap shot by Ryan Whitney.
19:07 of 3rd period - Shot Misses the Net.
19:09 of 3rd period - Snap shot by Matt Duchene.
19:09 of 3rd period - Shot Blocked by Dion Phaneuf.
19:11 of 3rd period - Wrist shot by Jordan Eberle.
19:11 of 3rd period - Shot Misses the Net.
19:21 of 3rd period - Wrist shot by Taylor Hall.
19:21 of 3rd period - Shot Blocked by Sean Zimmerman.
19:57 of 3rd period - Wrist shot by Brian McGrattan.
19:57 of 3rd period - Shot Blocked by Matt Duchene.
Goals for this period are 0 for Penguins vs 2 for Devils.
Shots for this period are 8 for Penguins vs 9 for Devils.
Back to the Top